AoeStats
← Horny

Arabia

508690128Analyzed
1v1 RM · 9d ago on Sep 23, 2026· 19m 40s· 2 players
Game mode
Random Map
Map size
Tiny (2 player)
Population
200
Speed
Normal
Resources
Standard
Victory
Conquest
Starting age
Dark Age
Ending age
Imperial Age
RankedLock teamsTeams togetherTeam positionsShared explorationLock speedFull tech treeHidden civsTurbo modeCheats
Victory
Defeat
🇺🇸 Inca · United States
1182
+15
🇸🇮 Spanish · Slovenia
1153
-15
Horny
5:08 Loom
10:53 Feudal Age
13:00 Forging
15:42 Scale Mail Armor
18:39 Double-Bit Axe
The Emu
6:31 Loom
9:53 Feudal Age
9:59 Champi Runner
11:03 Double-Bit Axe
13:28 Scale Mail Armor
19:06 Fletching
Connection lost

Rejoining the realm…

Still unreachable

The connection could not be restored.

Session expired

The server has moved on; the page needs a fresh start.